 Dungeon Crawl Stone Soup version 0.31-a0-354-g827e095 (webtiles) character file.

Game seed: 742156708286029055

13039 Dawnplanks the Skirmisher (level 11, -1/58 HPs)
             Began as a Spriggan Hunter on July 23, 2023.
             Was the Champion of Okawaru.
             Slain by a cane toad (17 damage)
             ... on level 8 of the Dungeon.
             The game lasted 00:47:32 (11847 turns).

Dawnplanks the Skirmisher (Spriggan Hunter)        Turns: 11847, Time: 00:47:32

Health: -1/58      AC:  9    Str:  8    XL:     11   Next: 70%
Magic:  17/18      EV: 28    Int: 11    God:    Okawaru [******]
Gold:   775        SH:  0    Dex: 23    Spells: 10/10 levels left

rFire   + + .        a - +0 shortbow
rCold   + . .        (shield currently unavailable)
rNeg    . . .        I - +0 steam dragon scales
rPois   .            N - +2 hat {SInv}
rElec   .            H - +0 cloak
rCorr   .            (gloves unavailable)
SInv    +            (boots unavailable)
Will    ++...        (no amulet)
Stlth   ++++         m - +6 ring of strength
HPRegen 0.29/turn    r - ring of Ysulenia {Fly rF++ rC+ Will+ Str-5}
MPRegen 0.16/turn

%: no passive effects
@: heroic, flying, very quick
A: very small, no large weapons, unfitting armour, see invisible, speed 3
a: Renounce Religion, Heroism, Finesse, Duel


You were on level 8 of the Dungeon.
You worshipped Okawaru.
Okawaru was exalted by your worship.
You visited 3 branches of the dungeon, and saw 13 of its levels.
You also visited: Sewer.

You collected 775 gold pieces.

Inventory:

Hand Weapons
 a - a +0 shortbow (weapon)
 S - the +9 quarterstaff of Fedhas's Whim {elec, Fly Will+ Str+3}
   (You found it on level 11 of the Dungeon)

   Str:       It affects your strength (+3).
   Fly:       It grants you flight.
   Will:      It increases your willpower.
Missiles
 t - a throwing net
Armour
 c - a +0 robe
 j - a +2 robe of cold resistance
 H - a +0 cloak (worn)
 I - +0 steam dragon scales (worn)
 N - a +2 hat of see invisible (worn)
Jewellery
 m - a +6 ring of strength (left hand)
 r - the ring of Ysulenia (right hand) {Fly rF++ rC+ Will+ Str-5}
   (You found it on level 4 of the Dungeon)

   [ring of willpower]

   Str:       It affects your strength (-5).
   rF:        It greatly protects you from fire.
   rC:        It protects you from cold.
   Fly:       It grants you flight.
   Will:      It increases your willpower.
 w - a ring of magical power
 R - a ring of magical power
Talismans
 x - a maw talisman
 J - a granite talisman
Wands
 p - a wand of polymorph (7)
 u - a wand of flame (44)
 A - a wand of digging (7)
 M - a wand of iceblast (8)
Scrolls
 b - 2 scrolls of butterflies
 d - 2 scrolls of amnesia {unknown}
 f - 2 scrolls of torment {unknown}
 g - a scroll of vulnerability {unknown}
 k - 2 scrolls of teleportation {unknown}
 n - 2 scrolls of fear {unknown}
 s - a scroll of fog {unknown}
 v - 3 scrolls of enchant weapon {unknown}
 y - 2 scrolls of blinking {unknown}
 E - 2 scrolls of brand weapon {unknown}
 F - 2 scrolls of noise {unknown}
 G - a scroll of immolation {unknown}
 K - 2 scrolls of poison {unknown}
 L - a scroll of enchant armour {unknown}
 P - a scroll of revelation {unknown}
 Q - 3 scrolls of identify
Potions
 e - 3 potions of heal wounds
 h - 2 potions of haste
 i - 4 potions of degeneration
 l - 3 potions of curing
 o - 3 potions of lignification
 q - 3 potions of invisibility
 z - a potion of ambrosia
 B - 3 potions of enlightenment
 C - a potion of cancellation {unknown}
 O - a potion of might {unknown}
Miscellaneous
 D - a sack of spiders


   Skills:
 + Level 7.3(12.3) Fighting
 + Level 14.6(19.6) Ranged Weapons
 + Level 5.9(10.9) Dodging
 + Level 3.6(8.6) Stealth
 * Level 8.0 Invocations


You had 10 spell levels left.
You didn't know any spells.
Your spell library contained the following spells:

 Spells                   Type           Power      Damage    Failure   Level
 Magic Dart               Conj           0%         1d3       34%         1
 Hailstorm                Conj/Ice       0%         3d3       71%         3
 Mephitic Cloud           Conj/Pois/Air  0%         N/A       71%         3
 Portal Projectile        Hex/Tloc       0%         N/A       71%         3
 Iskenderun's Mystic Bla  Conj/Tloc      0%         2d3       98%         4
 Leda's Liquefaction      Hex/Erth       0%         N/A       98%         4
 Summon Small Mammal      Summ           Unusable   N/A       N/A         1
 Call Imp                 Summ           Unusable   N/A       N/A         2
 Call Canine Familiar     Summ           Unusable   N/A       N/A         3
 Summon Guardian Golem    Hex/Summ       Unusable   N/A       N/A         3
 Tukima's Dance           Hex            Unusable   N/A       N/A         3
 Summon Ice Beast         Ice/Summ       Unusable   N/A       N/A         4
 Simulacrum               Ice/Necr       Unusable   N/A       N/A         6

Dungeon Overview and Level Annotations

Branches:
Dungeon (11/15)            Temple (1/1) D:4            Lair (1/5) D:8
  Sewer (visited)
    Orc: D:9-12

Altars:
Ashenzari
Cheibriados
Dithmenos
Elyvilon
Fedhas
Gozag
Hepliaklqana
Kikubaaqudgha
Makhleb
Nemelex Xobeh
Okawaru
Qazlal
Ru
Sif Muna
Trog
Uskayaw
Vehumet
Wu Jian
Xom
Yredelemnul
Zin
The Shining One

Annotations:
D:5 3 runed translucent doors, Mango's ghost, novice FoHs


Innate Abilities, Weirdness & Mutations

You are very small and have problems with some larger weapons.
You are too small for most types of armour.
You have supernaturally acute eyesight. (SInv)
You cover ground extremely quickly. (Speed+++)


Message History

Aim: a wyvern (75% to hit)
You shoot an arrow. The arrow closely misses the wyvern.
The arrow hits the plant.
The plant begins to die.
The plant is lightly damaged.
The cane toad completely misses you. The wyvern completely misses you.
Fire: a) +0 shortbow
Press: ? - help, Q - select action, (/) - cycle Shift-Dir - straight line, f/p - wyvern
Aim: a wyvern (75% to hit)
You shoot an arrow. The arrow barely misses the wyvern.
The arrow hits the plant!
The plant is lightly damaged.
The wyvern barely misses you. The cane toad misses you.
Fire: a) +0 shortbow
Press: ? - help, Q - select action, (/) - cycle Shift-Dir - straight line, f/p - wyvern
Aim: a wyvern (75% to hit)
You shoot an arrow. The arrow hits the wyvern!
The wyvern is moderately wounded.
The wyvern misses you. The cane toad stings you.
Fire: a) +0 shortbow
Press: ? - help, Q - select action, (/) - cycle Shift-Dir - straight line, f/p - wyvern
Aim: a wyvern (moderately wounded, 75% to hit)
You shoot an arrow. The arrow hits the wyvern.
The wyvern is heavily wounded.
The wyvern closely misses you. The cane toad stings you!
* * * LOW HITPOINT WARNING * * *
You are lethally poisoned!
The cane toad poisons you!
Fire: a) +0 shortbow
Press: ? - help, Q - select action, (/) - cycle Shift-Dir - straight line, f/p - wyvern
Aim: a wyvern (heavily wounded, 75% to hit)
You shoot an arrow. The arrow closely misses the wyvern.
The arrow hits the plant!
The plant is lightly damaged.
* * * LOW HITPOINT WARNING * * *
You feel very sick.
A nearby plant withers and dies.
The wyvern misses you. The cane toad misses you.
You feel better. The wyvern completely misses you. The cane toad stings you!
You die...

##...###..##...##########
#..####'###...# #....
#.............######...#
#.....###.....##..##...#
#..#...≈...#......#.....
#.#..#...#..#...........
#.#.##..P##.#.##...#...#
#.#..PPlP...####...#####
#.#≈..P@P..≈# ###.# #
#.#...PPFY..# ### #
#.#.##P.P##.#
#.#..#...#..##
#..#...≈...#.#
#.....###....#
#............#
#....######### ######


You could see a yak, a cane toad and a wyvern.

Vanquished Creatures
  Erica (D:9)
  2 two-headed ogres
  A manticore (D:11)
  A cyclops (D:9)
  Maurice (D:9)
  Maggie (D:9)
  2 kobold demonologists (D:11)
  A komodo dragon (D:11)
  4 trolls
  The ghost of BigFatTexta the Cleaver, an amateur MiBe of Trog (D:8)
  3 hornets
  2 shadows (D:10)
  10 yaks
  4 humans
  2 wraiths (D:9)
  2 wyverns
  Eustachio (D:6)
  A steam dragon (D:7)
  Grum (D:11)
  An acid dragon (D:10)
  Duvessa (D:5)
  A water moccasin (D:5)
  Pargi (Sewer)
  2 sky beasts (D:7)
  2 black bears
  4 orc warriors
  3 ogres
  An ice beast (D:6)
  4 centaurs
  3 wolves (D:11)
  7 kobold brigands
  5 bullfrogs
  A gnoll sergeant (D:7)
  2 scorpions
  3 wights (D:9)
  Dowan (D:5)
  2 howler monkeys
  6 orc priests
  A jelly (D:6)
  A gnoll bouda (D:5)
  Jessica (D:2)
  Terence (D:3)
  An iguana (D:5)
  8 orc wizards
  A mummy (D:6)
  Robin (D:2)
  5 adders
  16 gnolls
  2 shadow imps (D:6)
  A white imp (D:6)
  2 worms
  3 dart slugs
  34 orcs
  5 endoplasms
  6 giant cockroaches
  12 goblins
  9 hobgoblins
  8 jackals (D:1)
  19 kobolds
  4 quokkas
  2 ball pythons
  14 bats
  3 frilled lizards
  9 rats
260 creatures vanquished.

Notes
Turn   | Place    | Note
-------+----------+-------------------------------------------
     0 | D:1      | Dawnplanks the Spriggan Hunter began the quest for the Orb.
     0 | D:1      | Reached XP level 1. HP: 10/10 MP: 2/2
    60 | D:1      | Reached XP level 2. HP: 12/14 MP: 3/3
   351 | D:1      | Reached XP level 3. HP: 18/18 MP: 4/4
   488 | D:1      | Reached skill level 5 in Ranged Weapons
   638 | D:2      | Noticed Robin
   661 | D:2      | Killed Robin
   662 | D:2      | Reached XP level 4. HP: 18/23 MP: 5/5
   934 | D:2      | Noticed Jessica
   937 | D:2      | Killed Jessica
   976 | D:2      | Found a faded altar of an unknown god.
  1311 | D:3      | Reached XP level 5. HP: 16/26 MP: 6/6
  1454 | D:3      | Noticed Terence
  1457 | D:3      | Killed Terence
  1458 | D:3      | Reached skill level 6 in Ranged Weapons
  1599 | D:3      | Found a sparkling altar of Nemelex Xobeh.
  1934 | D:4      | Found a staircase to the Ecumenical Temple.
  1945 | Temple   | Entered the Ecumenical Temple
  2083 | Temple   | Became a worshipper of Warmaster Okawaru
  2106 | D:4      | Identified the ring of Ysulenia {Fly rF++ rC+ Will+ Str-5}
  2269 | D:4      | Found a glowing golden altar of the Shining One.
  2424 | D:4      | Noticed a centaur
  2432 | D:4      | Killed a centaur
  2433 | D:4      | Reached skill level 1 in Invocations
  2433 | D:4      | Reached XP level 6. HP: 24/32 MP: 7/7
  2571 | D:5      | Entered Level 5 of the Dungeon
  2679 | D:5      | Found a runed translucent gate.
  2679 | D:5      | Found a runed translucent gate.
  2679 | D:5      | Found a runed translucent gate.
  2684 | D:5      | Noticed Mango's ghost (novice FoHs)
  2684 | D:5      | Noticed a hornet
  2724 | D:5      | Reached skill level 7 in Ranged Weapons
  2835 | D:5      | Reached * piety under Okawaru
  3085 | D:5      | Reached XP level 7. HP: 36/36 MP: 9/9
  3220 | D:5      | Noticed Duvessa
  3220 | D:5      | Noticed Dowan
  3352 | D:5      | Killed Duvessa
  3353 | D:5      | Reached skill level 8 in Ranged Weapons
  3407 | D:5      | Killed Dowan
  3443 | D:5      | Reached ** piety under Okawaru
  3446 | D:5      | Found a hazy altar of Hepliaklqana.
  3448 | D:5      | Found a faded altar of an unknown god.
  3688 | D:6      | Reached XP level 8. HP: 27/40 MP: 9/11
  3982 | D:6      | Found a basalt altar of Yredelemnul.
  3988 | D:6      | Noticed Eustachio
  4101 | D:6      | Killed Eustachio
  4102 | D:6      | Reached skill level 9 in Ranged Weapons
  4198 | D:6      | Found a glowing drain.
  4299 | Sewer    | Entered a sewer
  4331 | Sewer    | Noticed Pargi
  4344 | Sewer    | Killed Pargi
  4344 | Sewer    | Reached *** piety under Okawaru
  4824 | D:6      | Found a snail-covered altar of Cheibriados.
  5023 | D:7      | Reached skill level 10 in Ranged Weapons
  5063 | D:7      | Reached XP level 9. HP: 46/46 MP: 13/13
  5078 | D:7      | Found a sacrificial altar of Ru.
  5102 | D:7      | Found a glowing silver altar of Zin.
  5147 | D:7      | Found a white marble altar of Elyvilon.
  5169 | D:7      | Reached **** piety under Okawaru
  5559 | D:7      | Reached skill level 5 in Invocations
  5696 | D:7      | Reached skill level 11 in Ranged Weapons
  6027 | D:8      | Found a transporter.
  6053 | D:8      | Found a transporter.
  6054 | D:8      | Noticed a boulder beetle
  6250 | D:8      | Found a staircase to the Lair.
  6405 | D:8      | Noticed a two-headed ogre
  6483 | D:8      | Killed a two-headed ogre
  6484 | D:8      | Reached skill level 5 in Fighting
  6552 | D:8      | Found a runed translucent door.
  6553 | D:8      | Noticed BigFatTexta's ghost (amateur MiBe)
  6713 | D:8      | Killed BigFatTexta's ghost
  6714 | D:8      | Reached XP level 10. HP: 51/51 MP: 15/15
  6824 | D:9      | Reached skill level 12 in Ranged Weapons
  6877 | D:9      | Reached ***** piety under Okawaru
  6923 | D:9      | Noticed Maurice
  6948 | D:9      | Killed Maurice
  7254 | D:9      | Noticed Maggie
  7373 | D:9      | Killed Maggie
  7453 | D:9      | Paralysed by a hornet for 2 turns
  7461 | D:9      | Reached skill level 5 in Dodging
  7610 | D:9      | Noticed a cyclops
  7870 | D:9      | Noticed Erica
  7907 | D:9      | Killed Erica
  7908 | D:9      | Reached skill level 13 in Ranged Weapons
  8189 | D:10     | Entered Level 10 of the Dungeon
  8715 | D:9      | Killed a cyclops
  9003 | D:9      | Reached XP level 11. HP: 24/56 MP: 17/17
  9651 | D:10     | Reached ****** piety under Okawaru
  9651 | D:10     | Received a gift from Okawaru
  9883 | D:10     | Reached skill level 14 in Ranged Weapons
 10511 | D:11     | Noticed Grum
 10514 | D:11     | Noticed a two-headed ogre
 10547 | D:11     | Killed Grum
 10592 | D:11     | Killed a two-headed ogre
 10948 | D:11     | Paralysed by a hornet for 2 turns
 11481 | D:11     | Identified the +9 quarterstaff of Fedhas's Whim {elec, Fly
                  | Will+ Str+3}
 11828 | Lair:1   | Entered Level 1 of the Lair of Beasts
 11847 | D:8      | Slain by a cane toad

Illustrated notes

Levels and vault maps discovered:
D:1:      spicycebolla_arrival_clurvy, layout_rooms,
          ebering_dispersal_statue_hall, st_stairs_2
D:2:      layout_rooms, serial_curves, eino_curves_02, eino_curves_03,
          shapermc_ecumenical_altar_mp_urbaneastern, uniq_jessica, uniq_robin
D:3:      layout_loops_cross, mainiacjoe_overflow_alcove_4, uniq_terence
D:4:      layout_rooms, mainiacjoe_overflow_cross_hatched,
          minmay_temple_entry_slanted
D:5:      dreamdust_elfheim, layout_basic, beargit_hepliaklqana_dungeon_heroes,
          gammafunk_ghost_split
D:6:      layout_loops_ring, chei_slow_surprise, yredelemnul_altar_generic,
          gup_sewer_entry_glass, st_stairs_13, uniq_eustachio
D:7:      layout_gridville, elyvilon_altar_1, jmf_multi_god_temple
D:8:      gammafunk_boulding_lane, layout_gridville, dpeg_oklobed_lair,
          gammafunk_ghost_grave
D:9:      layout_roguey, uniq_maggie, uniq_erica, uniq_maurice
D:10:     layout_basic, hangedman_decor_growths, minmay_ruffians
D:11:     layout_stronghold, uniq_grum
Temple:   jpeg_temple_clearing
Lair:1:   layout_gridlike, ebering_ghost_reflecting_pool, basic_altar,
          wad_woods_road_05, serial_bayou_shore_b, grunt_megastairs_5,
          infiniplex_staircase_pool_2

Skill      XL: |  1  2  3  4  5  6  7  8  9 10 11 |
---------------+----------------------------------+-----
Ranged Weapons | 5 6 7 8 10 11 13 14 | 14.6
Fighting       | 2 3 4 5 6 7 |  7.3
Dodging        | 3 4 5 |  5.9
Stealth        | 2 3 |  3.6
Invocations    | 1 2 4 5 7 8 |  8.0

Action                     |  1- 3 |  4- 6 |  7- 9 | 10-12 || total
---------------------------+-------+-------+-------+-------++-------
   Fire: Shortbow          |   136 |   207 |   474 |   749 ||  1566
 Invoke: Heroism           |       |       |       |     2 ||     2
         Finesse           |       |       |       |     1 ||     1
    Use: Scroll            |       |       |     5 |     2 ||     7
         Potion            |       |       |       |     1 ||     1
 Armour: Robe              |    24 |     3 |    18 |     3 ||    48
         Steam dragon scal |       |       |       |    16 ||    16
  Dodge: Dodged            |    77 |    40 |    81 |   164 ||   362

Table legend: (Time is in decaauts)
 A = Elapsed time spent in this place.
 B = Non-inter-level travel time spent in this place.
 C = Inter-level travel time spent in this place.
 D = Time resting spent in this place.
 E = Time spent auto-exploring this place.
 F = Levels seen in this place.
 G = Mean time per level.
                   A        B        C        D        E       F      G
               +--------+--------+--------+--------+--------+-----+--------+
         Total |   8509 |   7805 |    704 |   1071 |   4149 |  14 |  607.8 |
       Dungeon |   8288 |   7675 |    613 |   1071 |   4072 |  11 |  753.5 |
        Temple |     93 |      3 |     90 |      0 |      0 |   1 |   93.0 |
          Lair |      8 |      8 |      0 |      0 |      0 |   1 |    8.0 |
         Sewer |    119 |    119 |      0 |      0 |     76 |   1 |  119.0 |
               +--------+--------+--------+--------+--------+-----+--------+

Top non-repeatable levels by time:
     D:9: 1808 daAuts
    D:11: 1040 daAuts
     D:6: 818 daAuts
    D:10: 795 daAuts
     D:5: 742 daAuts
     D:8: 735 daAuts
     D:7: 654 daAuts
     D:3: 544 daAuts
     D:2: 430 daAuts
     D:1: 373 daAuts
     D:4: 347 daAuts
   Sewer: 119 daAuts
  Temple: 93 daAuts
  Lair:1: 8 daAuts
